 Dungeon Crawl Stone Soup version 0.26.1-11-gd32895ea62 (webtiles) character file.

Game seed: 9898674600960841135

15144 Zeld the Cruncher (level 12, -7/72 HPs)
             Began as an Octopode Gladiator on May 21, 2021.
             Was a High Priest of Okawaru.
             Mangled by a yak (12 damage)
             ... on level 2 of the Lair of Beasts on May 22, 2021.
             The game lasted 00:24:37 (19499 turns).

Zeld the Cruncher (Octopode Gladiator)             Turns: 19499, Time: 00:24:38

Health: -7/72      AC:  5    Str: 21    XL:     12   Next: 23%
Magic:  21/21      EV: 14    Int: 13    God:    Okawaru [*****.]
Gold:   832        SH:  0    Dex: 14    Spells: 11/11 levels left

rFire    . . .     SeeInvis +   a - +2 quarterstaff
rCold    + . .     Faith    .   (shield currently unavailable)
rNeg     . . .     Spirit   .   b - +2 hat
rPois    .         Reflect  .   w - amulet of Xom's Bemusement {Regen+ Str+3 Int+2 Dex-5 SInv}
rElec    .         Harm     .   e - ring of magical power
rCorr    +         Rampage  .   n - ring of protection from cold
Will     .....                  i - ring of resist corrosion
Stlth    ++........             G - +6 ring of dexterity
HPRegen  0.62/turn              L - ring of wizardry
MPRegen  0.17/turn              (no ring)
                                (no ring)
                                (no ring)

@: no status effects
A: almost no armour, stealthy swim, amphibious, 8 rings, constrict 8, icy blue
scales 1, camouflage 1, wild magic 1, gelatinous body 1
a: Renounce Religion, Heroism, Finesse


You were on level 2 of the Lair of Beasts.
You worshipped Okawaru.
Okawaru was extremely pleased with you.
You visited 3 branches of the dungeon, and saw 14 of its levels.

You collected 832 gold pieces.

Inventory:

Hand Weapons
 a - a +2 quarterstaff (weapon)
Missiles
 c - 5 throwing nets
 g - 18 atropa-tipped darts
 p - 62 poisoned darts (quivered)
 C - 7 curare-tipped darts
 M - 5 silver javelins
 O - 8 javelins
Armour
 b - a +2 hat (worn)
Jewellery
 e - a ring of magical power (left tentacle)
 i - a ring of resist corrosion (on tentacle)
 k - an uncursed ring of flight
 n - a ring of protection from cold (right tentacle)
 w - the amulet of Xom's Bemusement (around mantle) {Regen+ Str+3 Int+2 Dex-5 SInv}
   (You found it on level 4 of the Dungeon)

   [amulet of regeneration]

   It affects your strength (+3).
   It affects your intelligence (+2).
   It affects your dexterity (-5).
   It lets you see invisible.
   It increases your rate of regeneration.
 G - a +6 ring of dexterity (on tentacle)
 L - a ring of wizardry (on tentacle)
Wands
 h - a wand of digging (6)
 x - a wand of polymorph (14)
 z - a wand of enslavement (5)
 B - a wand of random effects (12)
 H - a wand of iceblast (8)
 K - a wand of disintegration (11)
 N - a wand of acid (4)
Scrolls
 d - 2 scrolls of teleportation
 l - 5 scrolls of amnesia
 q - 4 scrolls of remove curse
 r - 2 scrolls of magic mapping
 y - 2 scrolls of enchant armour
Potions
 f - 2 potions of ambrosia
 j - 3 potions of flight
 m - 3 potions of might
 o - a potion of degeneration {unknown}
 s - 2 potions of curing
 u - 3 potions of haste
 D - a potion of resistance
 F - a potion of invisibility {unknown}
Miscellaneous
 J - a phantom mirror (inert)


   Skills:
 - Level 2.5 Fighting
 - Level 14.0 Staves
 * Level 13.0 Throwing
 - Level 3.4 Dodging
 - Level 1.4 Evocations


You had 11 spell levels left.
You didn't know any spells.
Your spell library contained the following spells:

 Spells                   Type           Power        Failure   Level
 Animate Skeleton         Necr           0%           16%         1
 Apportation              Tloc           0%           16%         1
 Corona                   Hex            0%           16%         1
 Summon Small Mammal      Summ           0%           16%         1
 Animate Dead             Necr           0%           78%         4
 Cause Fear               Hex            0%           78%         4
 Borgnjor's Vile Clutch   Necr/Erth      0%           98%         5
 Silence                  Hex/Air        0%           98%         5
 Yara's Violent Unravell  Hex/Tmut       0%           98%         5
 Death Channel            Necr           0%           100%        6
 Simulacrum               Ice/Necr       0%           100%        6
 Discord                  Hex            0%           100%        8


Dungeon Overview and Level Annotations

Branches:
Dungeon (11/15)            Temple (1/1) D:5            Lair (2/6) D:8
 Spider (0/4) Lair:2
  Swamp: Lair:2-4    Shoals: Lair:2-4       Orc: D:9-12

Altars:
Ashenzari
Cheibriados
Dithmenos
Elyvilon
Fedhas
Gozag
Hepliaklqana
Kikubaaqudgha
Makhleb
Nemelex Xobeh
Okawaru
Qazlal
Ru
Sif Muna
Trog
Uskayaw
Vehumet
Wu Jian
Xom
Yredelemnul
Zin
The Shining One

Annotations:
Lair:1 2 transporters
Lair:2 exclusion: hydra


Innate Abilities, Weirdness & Mutations

You cannot wear most types of armour.
You are very stealthy in the water. (Stealth+)
You are amphibious.
You can wear up to eight rings at the same time.
You can use your tentacles to constrict eight enemies at once.
Your skin changes colour to match your surroundings (Stealth+).
Your rubbery body absorbs attacks. (AC +1, EV +1)
You are partially covered in icy blue scales. (AC +2)
Your spells are a little harder to cast, but a little more powerful.


Message History

The yak is moderately wounded.
The yak closely misses you.
Unknown command.
You sock the yak! You squeeze the yak.
The yak is severely wounded.
You feel like a meek peon again. The yak gores you! x3
* * * LOW HITPOINT WARNING * * *
Unknown command.
You are too injured to fight recklessly!
You are too injured to fight recklessly!
Unknown command.
You are too injured to fight recklessly!
You are too injured to fight recklessly!
The yak gores you!
* * * LOW HITPOINT WARNING * * *
Okay, then.
The yak barely misses you. The yak closely misses you. The yak gores you!
You die...

#...... #.P.... ## ##
####.P.... ...# #.
##.#......# .....#.####
####....##.>..
......†...#####..#..........
#.....!##.##.........P...
#..##.................###..
#......YY@......#....# ##.
.........Y###.P#..P..## ##
....#...#P## #####...... #
....##..### .......... # #.P
#...# ..........### #.
.....# .......###.## ###...
.......###... .#
....P.....##. .............


You could see 3 yaks.

Vanquished Creatures
  Harold (D:10)
  Erica (D:9)
  3 death yaks
  A manticore (D:11)
  2 cyclopes
  Psyche (D:11)
  A cane toad (Lair:1)
  A gargoyle (D:10)
  2 komodo dragons (Lair:1)
  A troll (D:9)
  A hornet (D:10)
  3 blink frogs (Lair:1)
  2 redbacks
  A wraith (D:10)
  19 yaks
  Edmund (D:3)
  4 water moccasins
  4 ice beasts
  2 sky beasts
  An eye of draining (D:10)
  A black bear (D:11)
  3 orc warriors
  3 centaurs
  A phantom (D:8)
  A necrophage (D:10)
  4 ogres
  9 bullfrogs
  A big kobold (D:10)
  A gnoll sergeant (D:10)
  A scorpion (D:7)
  11 killer bees
  7 wights
  2 howler monkeys (D:7)
  3 bullfrog zombies
  A centaur skeleton (D:8)
  A jelly (D:10)
  4 orc priests
  A hound (D:10)
  3 bullfrog skeletons
  4 iguanas
  9 orc wizards
  3 hell rats (D:8)
  8 worker ants
  A hound zombie (D:7)
  A hound skeleton (D:10)
  A mummy (D:4)
  7 gnolls
  12 adders
  A river rat (D:8)
  A white imp (D:7)
  2 ufetubi
  2 oozes (D:3)
  An adder zombie (D:9)
  2 adder skeletons
  A dart slug (D:2)
  8 leopard geckos
  47 orcs
  6 giant cockroaches
  3 hobgoblins
  10 jackals
  14 kobolds
  5 quokkas
  A ball python (D:2)
  9 bats
  8 frilled lizards
  8 goblins
  3 leopard gecko skeletons
  12 rats
300 creatures vanquished.

Vanquished Creatures (others)
  2 fungi (Lair:1)
  A plant (Lair:2)
3 creatures vanquished.

Grand Total: 303 creatures vanquished

Notes
Turn   | Place    | Note
-------+----------+-------------------------------------------
     0 | D:1      | Zeld the Octopode Gladiator began the quest for the Orb.
     0 | D:1      | Reached XP level 1. HP: 14/14 MP: 1/1
   272 | D:1      | Reached XP level 2. HP: 19/19 MP: 2/2
   634 | D:1      | Reached skill level 4 in Staves
   714 | D:1      | Reached XP level 3. HP: 24/24 MP: 3/3
  1402 | D:2      | Reached XP level 4. HP: 17/29 MP: 4/4
  1503 | D:2      | Reached skill level 5 in Staves
  1928 | D:3      | Found a hide-covered altar of Uskayaw.
  1929 | D:3      | Noticed a +0 hand axe
  1930 | D:3      | Noticed a +0 dagger
  2062 | D:3      | Found a radiant altar of Vehumet.
  2200 | D:3      | Reached XP level 5. HP: 34/34 MP: 5/5
  2250 | D:3      | Found a shadowy altar of Dithmenos.
  2446 | D:4      | Got an ancient golden amulet
  2532 | D:4      | Reached skill level 6 in Staves
  2922 | D:4      | Noticed Edmund
  2991 | D:2      | Identified the amulet of Xom's Bemusement {Regen+ Str+3
                  | Int+2 Dex-5 SInv} (You found it on level 4 of the Dungeon)
  3296 | D:3      | Found a shadowy altar of Dithmenos.
  3311 | D:3      | Killed Edmund
  3312 | D:3      | Reached skill level 7 in Staves
  3312 | D:3      | Reached XP level 6. HP: 20/38 MP: 6/6
  3354 | D:3      | Found a hide-covered altar of Uskayaw.
  3484 | D:3      | Found a radiant altar of Vehumet.
  3900 | D:4      | Found a snail-covered altar of Cheibriados.
  4023 | D:4      | Found an ornate altar of the Wu Jian Council.
  4123 | D:4      | Found a white marble altar of Elyvilon.
  4456 | D:5      | Entered Level 5 of the Dungeon
  4540 | D:5      | Noticed an ice beast
  4556 | D:5      | Found a staircase to the Ecumenical Temple.
  4563 | Temple   | Entered the Ecumenical Temple
  4603 | Temple   | Became a worshipper of Warmaster Okawaru
  4741 | D:5      | Reached XP level 7. HP: 37/45 MP: 7/7
  5038 | D:5      | Reached skill level 8 in Staves
  5679 | D:5      | Found a staircase to the Ecumenical Temple.
  5777 | D:5      | Reached skill level 9 in Staves
  6018 | D:6      | Reached XP level 8. HP: 37/50 MP: 8/8
  6199 | D:6      | Reached * piety under Okawaru
  6200 | D:6      | Reached skill level 10 in Staves
  6867 | D:5      | Found a staircase to the Ecumenical Temple.
  7211 | D:7      | Reached skill level 11 in Staves
  7240 | D:7      | Reached ** piety under Okawaru
  7308 | D:7      | Reached XP level 9. HP: 51/54 MP: 9/9
  7900 | D:7      | Found a broken altar of Ashenzari.
  8293 | D:7      | Found a bloodstained altar of Trog.
  8644 | D:8      | Reached skill level 12 in Staves
  9072 | D:8      | Found a glowing silver altar of Zin.
  9072 | D:8      | Found a blossoming altar of Fedhas.
  9294 | D:8      | Reached skill level 13 in Staves
  9341 | D:8      | Reached *** piety under Okawaru
  9600 | D:8      | Found a staircase to the Lair.
  9600 | D:8      | Noticed a death yak
  9600 | D:8      | Noticed a death yak
  9600 | D:8      | Noticed a death yak
 10155 | D:8      | Found a shimmering blue altar of Sif Muna.
 10944 | D:9      | Reached XP level 10. HP: 60/60 MP: 10/10
 10995 | D:9      | Reached skill level 14 in Staves
 11331 | D:9      | Found a snail-covered altar of Cheibriados.
 11393 | D:9      | Noticed Erica
 11409 | D:9      | Killed Erica
 11410 | D:9      | Reached skill level 5 in Throwing
 11808 | D:10     | Entered Level 10 of the Dungeon
 11809 | D:10     | Noticed a gargoyle
 11820 | D:10     | Killed a gargoyle
 11820 | D:10     | Reached **** piety under Okawaru
 11821 | D:10     | Reached skill level 1 in Evocations
 11857 | D:10     | Received a gift from Okawaru
 12812 | D:10     | Reached XP level 11. HP: 65/65 MP: 11/11
 13304 | D:10     | Found a basalt altar of Yredelemnul.
 13365 | D:10     | Noticed Harold
 13384 | D:10     | HP: 2/58 [Harold/+0 halberd (14)]
 13385 | D:10     | Killed Harold
 13385 | D:10     | Received a gift from Okawaru
 13735 | D:10     | Noticed a cyclops
 13754 | D:10     | Killed a cyclops
 13754 | D:10     | Received a gift from Okawaru
 13878 | D:11     | Noticed Psyche
 13888 | D:11     | Killed Psyche
 13979 | D:11     | Noticed a manticore
 13999 | D:11     | Killed a manticore
 14386 | D:11     | Reached skill level 10 in Throwing
 14795 | D:11     | Noticed a cyclops
 15256 | D:11     | Killed a cyclops
 15322 | D:11     | Found an ancient bone altar of Kikubaaqudgha.
 16048 | D:8      | Found a staircase to the Lair.
 16105 | D:8      | Killed a death yak
 16119 | D:8      | Killed a death yak
 16119 | D:8      | Reached ***** piety under Okawaru
 16479 | D:8      | Found a shimmering blue altar of Sif Muna.
 16500 | D:8      | Found a blossoming altar of Fedhas.
 16501 | D:8      | Found a glowing silver altar of Zin.
 16876 | D:7      | Found a bloodstained altar of Trog.
 16974 | D:7      | Killed a death yak
 17066 | D:7      | Found a broken altar of Ashenzari.
 17267 | Lair:1   | Entered Level 1 of the Lair of Beasts
 17407 | Lair:1   | Received a gift from Okawaru
 17434 | Lair:1   | Reached XP level 12. HP: 65/72 MP: 12/12
 17449 | Lair:1   | Gained mutation: You are partially covered in icy blue
                  | scales. (AC +2) [potion of mutation]
 17449 | Lair:1   | Gained mutation: Your spells are a little harder to cast,
                  | but a little more powerful. [potion of mutation]
 17456 | Lair:1   | HP: 5/108 [poisoned by a cane toad]
 18120 | Lair:1   | Noticed a seven-headed hydra
 19228 | Lair:1   | Found a transporter.
 19228 | Lair:1   | Found a transporter.
 19229 | Lair:1   | Noticed a boulder beetle
 19232 | Lair:1   | Noticed a boulder beetle
 19295 | Lair:2   | Found a hole to the Spider Nest.
 19459 | Lair:2   | Noticed a seven-headed hydra
 19495 | Lair:2   | HP: 2/72 [yak (12)]
 19499 | Lair:2   | Mangled by a yak

Illustrated notes

Levels and vault maps discovered:
D:1:      roderic_octagonal_star, layout_loops_ring
D:2:      layout_loops_ring
D:3:      layout_rooms, vehumet_crystals, dancing_weapons_uskayaw,
          lemuel_doored_altar, grunt_decor_fettered
D:4:      layout_basic, nzn_wu_jian_contemplation, elyvilon_altar_4,
          chei_slow_surprise, uniq_edmund
D:5:      layout_rooms, minmay_temple_entry_ruins
D:6:      layout_gridville, minmay_misc_feat_doors
D:7:      layout_rooms, lemuel_coloured_pillars_altar, ashenzari_altar_1,
          skrybe_limestone_x
D:8:      layout_loops_ring, gammafunk_temple_overflow_wave, dpeg_lair_monsters,
          lemuel_blue_sif_altar
D:9:      layout_irregular_city, cheibriados_altar_1, uniq_erica
D:10:     layout_basic, yredelemnul_altar_generic, uniq_harold
D:11:     layout_basic, basic_altar, uniq_psyche
Temple:   minmay_temple_bridge_abc
Lair:1:   gammafunk_boulding_lane, layout_big_grid,
          chequers_serial_rivers_micro_e
Lair:2:   layout_misc_corridors, spider_nest_entry_a,
          grunt_forest_small_clearing_treed

Skill      XL: |  1  2  3  4  5  6  7  8  9 10 11 12 |
---------------+-------------------------------------+-----
Staves         | 4 5 7 9 11 13 14 | 14.0
Throwing       | 7 12 13 | 13.0
Evocations     | 1 |  1.4
Fighting       | |  2.5
Dodging        | |  3.4

Action                   |  1- 3 |  4- 6 |  7- 9 | 10-12 || total
-------------------------+-------+-------+-------+-------++-------
Melee: Quarterstaff      |    57 |   139 |   365 |   392 ||   953
       Constrict         |    18 |    32 |    58 |    48 ||   156
       Tentacles         |     7 |    17 |    66 |   124 ||   214
       Punch             |       |       |     2 |     7 ||     9
Throw: Dart              |       |       |     2 |    49 ||    51
       Throwing net      |       |       |       |     1 ||     1
Invok: Heroism           |       |       |     5 |    20 ||    25
Evoke: Wand              |       |       |     4 |     9 ||    13
       Phantom mirror    |       |       |       |     1 ||     1
  Use: Scroll            |       |    10 |     8 |    11 ||    29
       Potion            |       |       |     3 |    12 ||    15
 Stab: Sleeping          |     2 |    11 |     2 |     3 ||    18
       Paralysed         |       |       |     1 |       ||     1
       Distracted        |       |       |     1 |     1 ||     2
       Held in net/web   |       |       |       |     2 ||     2
Armor: Skin              |     7 |     6 |    34 |    23 ||    70
Dodge: Dodged            |    67 |    72 |   228 |   185 ||   552
